cohdb
Replays
Latest Replays
All Replays
Popular Replays
Top Player Replays
Match Explorer
How It Works
Community
CoH3 Stats
Reddit
Sign in to upload your games and track your stats! →
Sign in with Steam
Match 40920283
Unlisted
Match 40920283
Overview
Messages
Build Orders
End
Construct Infanterie Kompanie
Kettenkrad Recon Vehicle
Selects Terror Battlegroup
Selects Machine Gun Camouflage
MG 42 Machine Gun Team
Grenadier Squad
GrW 34 Mortar Team
Grenadier Squad
Construct Luftwaffe Kompanie
Flak 30 Anti-aircraft Gun Team
221 Scout Car
Jäger Squad
Support Elements
Selects Defend the Fatherland
Marder III M Tank Destroyer
Marder III M Tank Destroyer
Jäger Squad
BT-7274
TheKat
Overlord
Granger
TheKingOfGoats
Dromaeda
0
0
Comments
sign in to comment!
No comments posted yet!